 Dungeon Crawl Stone Soup version 0.29-a0-2-g12fcac58f8 (webtiles) character file.

Game seed: 9459813280579238756

93 dracfodder the Skirmisher (level 4, -4/43 HPs)
             Began as a Gargoyle Berserker on Jan 26, 2022.
             Was a Believer of Trog.
             Killed by divine providence
             ... invoked by an orc priest
              (13 damage)
             ... on level 3 of the Dungeon.
             The game lasted 00:06:44 (2059 turns).

dracfodder the Skirmisher (Gargoyle Berserker)      Turns: 2059, Time: 00:06:46

Health: -4/43      AC: 10    Str: 22    XL:     4   Next: 61%
Magic:  4/4        EV: 10    Int:  8    God:    Trog [**....]
Gold:   87         SH:  0    Dex:  9    Spells: 3/3 levels left

rFire   . . .      SeeInvis .   a - +0 hand axe
rCold   . . .      Faith    .   (no shield)
rNeg    + . .      Spirit   .   o - +0 scale mail
rPois   ∞          Reflect  .   (no helmet)
rElec   +          Harm     .   (no cloak)
rCorr   .          Rampage  .   (no gloves)
Will    ++...                   (no boots)
Stlth   ..........              (no amulet)
HPRegen 1.14/turn               (no ring)
MPRegen 0.09/turn               (no ring)

@: berserking, strong-willed, regenerating, very quick
A: sickness immunity, AC +3, negative energy resistance 1, electricity
resistance, torment resistance 1, petrification resistance
a: Renounce Religion, Berserk, Trog's Hand


You were on level 3 of the Dungeon.
You worshipped Trog.
Trog was pleased with you.
You visited 1 branch of the dungeon, and saw 4 of its levels.

You collected 87 gold pieces.

Inventory:

Hand Weapons
 a - a +0 hand axe (weapon)
 n - a +1 rapier of electrocution
Missiles
 c - 29 stones (quivered)
 k - 25 sling bullets
 l - 3 poisoned darts
Armour
 o - a +0 scale mail (worn)
Jewellery
 p - a ring of see invisible
Scrolls
 d - a scroll of enchant weapon {unknown}
 f - 2 scrolls of teleportation {unknown}
 i - 2 scrolls of identify {unknown}
 m - a scroll of noise {unknown}
Potions
 e - a potion of magic {unknown}
 g - a potion of lignification {unknown}
 h - a potion of ambrosia {unknown}
 j - 2 potions of curing {unknown}


   Skills:
 + Level 4.1 Fighting
 * Level 3.7 Axes
 + Level 2.8 Armour
 + Level 1.9 Dodging
 + Level 0.2 Stealth


You had 3 spell levels left.
You didn't know any spells.
Your spell library was empty.

Dungeon Overview and Level Annotations

Branches:
Dungeon (4/15)
 Temple: D:4-7

Altars:
Vehumet


Innate Abilities, Weirdness & Mutations

You are immune to sickness and miasma.
Your stone body is resilient. (AC +3)
You are immune to poison.
You resist negative energy. (rN+)
You are resistant to electric shocks. (rElec)
You are resistant to unholy torment.
You are immune to petrification.


Message History

An orc comes into view. It is wielding a +0 hand axe.
An orc priest comes into view. It is wielding a +0 hand axe.
The orc priest shouts!
You hear a shout! x2
The orc hits you but does no damage.
The orc priest invokes the aid of Beogh against you.
Beogh smites you!
You hit the orc.
You kill the orc!
Trog accepts your kill.
The orc priest invokes the aid of Beogh against you.
Beogh smites you!
* * * LOW HITPOINT WARNING * * *
You are too injured to fight recklessly!
Unknown command.
Your skin crawls.
You feel strong-willed.
An orc comes into view. It is wielding a +0 club.
A red film seems to cover your vision as you go berserk!
You feel yourself moving faster!
You feel mighty!
You barely miss the orc. You closely miss the orc. You closely miss the orc.
The orc closely misses you.
An orc wizard comes into view.
It is wielding a +0 dagger and wearing a +2 robe of positive energy.
You closely miss the orc priest. You hit the orc.
The orc hits you but does no damage.
The orc priest hits you with a +0 hand axe.
* * * LOW HITPOINT WARNING * * *
You closely miss the orc priest. You closely miss the orc.
The orc wizard casts a spell.
The orc wizard flickers and vanishes!
Deactivating autopickup; reactivate with Ctrl-A.
The orc completely misses you.
You slash the orc priest!
The orc priest is almost dead.
You hit the orc.
You kill the orc!
Trog accepts your kill.
The orc priest calls down the wrath of Beogh upon you.
Beogh smites you!
You die...

#[###. #.# # ... ###
## ##{## #o).# #@# #
####.## #.#.....#
#.#.###.# . # # ...
#.####.# .#.#
###.###.....## #...
#.....###..###..#
###.####....#.#.####
#.###.....<.......


You could see an orc priest.

Vanquished Creatures
  3 gnolls (D:2)
  2 adders (D:2)
  2 orcs (D:3)
  2 ball pythons (D:1)
  3 endoplasms
  3 giant cockroaches
  A goblin (D:1)
  2 hobgoblins
  7 quokkas
  5 bats
  4 frilled lizards (D:1)
  3 kobolds
  10 rats
47 creatures vanquished.

Notes
Turn   | Place    | Note
-------+----------+-------------------------------------------
     0 | D:1      | dracfodder the Gargoyle Berserker began the quest for the
                  | Orb.
     0 | D:1      | Reached XP level 1. HP: 14/14 MP: 1/1
    40 | D:1      | Found a faded altar of an unknown god.
    41 | D:1      | Noticed a golden eye
   273 | D:1      | Noticed a shining eye
   279 | D:1      | Noticed a floating eye
   291 | D:1      | Noticed a floating eye
   327 | D:1      | Reached XP level 2. HP: 16/19 MP: 2/2
   805 | D:1      | Reached XP level 3. HP: 20/24 MP: 3/3
  1008 | D:1      | Reached ** piety under Trog
  1148 | D:2      | Found a radiant altar of Vehumet.
  1277 | D:2      | Reached skill level 4 in Fighting
  1395 | D:2      | Reached XP level 4. HP: 26/29 MP: 4/4
  2059 | D:3      | Killed from afar by an orc priest

Illustrated notes

Levels and vault maps discovered:
D:1:      amcnicky_arrival_single_pillar, layout_basic,
          hellmonk_ecumenical_altar_watching_god, minmay_indecisive_spiral
D:2:      layout_basic, basic_altar
D:3:      layout_loops_ring, lemuel_doored_altar, uniq_sigmund, uniq_robin,
          uniq_ijyb
D:4:      layout_loops_ring, minmay_temple_entry_proselytizer,
          nicolae_shop_unique_rings, minmay_goblin_outpost, uniq_pikel

Skill      XL: |  1  2  3 |
---------------+----------+-----
Axes           | 3 |  3.7
Fighting       | 4 |  4.1
Armour         | |  2.8
Dodging        | |  1.9
Stealth        | |  0.2

Action                   |  1- 3 |  4- 6 || total
-------------------------+-------+-------++-------
Melee: Hand axe          |   106 |    41 ||   147
       Punch             |     1 |       ||     1
Invok: Berserk           |       |     1 ||     1
       Trog's Hand       |       |     1 ||     1
Armor: Animal skin       |    11 |       ||    11
       Ring mail         |    36 |     4 ||    40
       Scale mail        |       |     5 ||     5
Dodge: Dodged            |    80 |    18 ||    98

Table legend: (Time is in decaauts)
 A = Elapsed time spent in this place.
 B = Non-inter-level travel time spent in this place.
 C = Inter-level travel time spent in this place.
 D = Time resting spent in this place.
 E = Time spent auto-exploring this place.
 F = Levels seen in this place.
 G = Mean time per level.
                   A        B        C        D        E       F      G
               +--------+--------+--------+--------+--------+-----+--------+
         Total |   2083 |   2024 |     59 |    491 |   1017 |   4 |  520.8 |
       Dungeon |   2083 |   2024 |     59 |    491 |   1017 |   4 |  520.8 |
               +--------+--------+--------+--------+--------+-----+--------+

Top non-repeatable levels by time:
     D:1: 1055 daAuts
     D:2: 978 daAuts
     D:3: 47 daAuts
     D:4: 1 daAuts
